 Dungeon Crawl Stone Soup version 0.31-a0-853-gc9b61b78f7 (webtiles) character file.

Game seed: 13100554283843633797

35627 IcyTea the Destroyer (level 13, -3/102 HPs)
             Began as a Demigod Conjurer on Oct 8, 2023.
             Slain by a komodo dragon (26 damage)
             ... on level 5 of the Lair of Beasts.
             The game lasted 01:24:25 (21258 turns).

IcyTea the Destroyer (Demigod Conjurer)            Turns: 21258, Time: 01:24:25

Health: -3/102     AC: 11    Str: 12    XL:     13   Next: 18%
Magic:  2/27       EV: 27    Int: 32    God:
Gold:   1965       SH:  0    Dex: 12    Spells: 11/26 levels left

rFire   + . .        y - staff of conjuration
rCold   . . .        (no shield)
rNeg    + . .        Q - +1 ring mail of Hollyxti {rF+ rN+}
rPois   .            (no helmet)
rElec   .            t - +1 cloak
rCorr   .            A - +1 pair of gloves
SInv    +            (no boots)
Will    +....        j - amulet of the acrobat
Stlth   ++           l - +4 ring of slaying
HPRegen 0.37/turn    V - ring of see invisible
MPRegen 0.20/turn

%: acrobat
@: acrobatic
A: high MP 1, forlorn, divine attributes
a: no special abilities


You were on level 5 of the Lair of Beasts.
You visited 3 branches of the dungeon, and saw 17 of its levels.
You also visited: Sewer.

You collected 2077 gold pieces.
You spent 112 gold pieces at shops.

Inventory:

Hand Weapons
 p - a +4 flail of protection
 r - a +4 flail of draining
 u - a +2 quarterstaff of chaos
 D - the +5 lajatang of Vyumys {pain, rN+}
   (You found it on level 6 of the Dungeon)

   rN+:       It protects you from negative energy.
 K - the +5 lajatang of the Usurping Coward {venom, Contam rElec rPois rCorr}
   (You found it on level 8 of the Dungeon)

   rElec:     It insulates you from electricity.
   rPois:     It protects you from poison Contam: It causes magical
   contamination when unequipped.
   rCorr:     It protects you from acid and corrosion.
 O - the +10 war axe "Nuseruiz" {holy, Str+4 Dex+2}
   (You took it off a gnoll sergeant on level 9 of the Dungeon)

   Str+4:     It affects your strength (+4).
   Dex+2:     It affects your dexterity (+2).
 T - a -2 demon whip of venom
Missiles
 g - 5 curare-tipped darts
 s - a throwing net
Armour
 f - a +0 ring mail
 t - a +1 cloak (worn)
 w - a +1 robe of cold resistance
 A - a +1 pair of gloves (worn)
 Q - the +1 ring mail of Hollyxti (worn) {rF+ rN+}
   (You found it on level 10 of the Dungeon)

   rF+:       It protects you from fire.
   rN+:       It protects you from negative energy.
Magical Staves
 y - a staff of conjuration (weapon)
Jewellery
 j - an amulet of the acrobat (around neck)
 l - a +4 ring of slaying (left hand)
 q - a ring of flight
 V - a ring of see invisible (right hand)
Wands
 i - a wand of acid (3)
 x - a wand of flame (24)
 I - a wand of mindburst (37)
 L - a wand of charming (18)
 N - a wand of iceblast (18)
 P - a wand of digging (3)
 R - a wand of polymorph (5)
Scrolls
 a - a scroll of blinking
 d - 3 scrolls of immolation
 e - 4 scrolls of revelation
 k - a scroll of vulnerability
 n - 2 scrolls of enchant weapon
 v - 2 scrolls of poison
 G - 2 scrolls of fog
 H - 4 scrolls of teleportation
 M - a scroll of amnesia
Potions
 b - 2 potions of magic
 c - 5 potions of lignification
 h - a potion of berserk rage
 m - 2 potions of attraction
 o - 6 potions of brilliance
 z - 2 potions of might
 B - a potion of haste {unknown}
 C - a potion of ambrosia {unknown}
 E - 5 potions of curing
 F - 2 potions of heal wounds {unknown}
 J - 2 potions of resistance
 S - a potion of mutation {unknown}


   Skills:
 - Level 6.0 Fighting
 + Level 4.4 Staves
 - Level 5.0 Armour
 - Level 5.0 Dodging
 - Level 5.0 Stealth
 - Level 7.0 Spellcasting
 + Level 13.6 Conjurations
 - Level 2.0 Hexes
 - Level 5.0 Translocations
 - Level 5.0 Transmutations
 - Level 2.0 Ice Magic
 - Level 5.0 Earth Magic
 - Level 5.0 Evocations


You had 11 spell levels left.
You knew the following spells:

 Your Spells              Type           Power      Damage    Failure   Level
a - Magic Dart            Conj           100%       1d8       1%          1
b - Stone Arrow           Conj/Erth      100%       3d13      1%          3
c - Iskenderun's Mystic   Conj/Tloc      82%        2d16      1%          4
d - Irradiate             Conj/Tmut      41%        3d25      5%          5
e - Ensorcelled Hibernat  Hex/Ice        48%        N/A       6%          2

Your spell library contained the following spells:

 Spells                   Type           Power      Damage    Failure   Level
 Apportation              Tloc           86%        N/A       1%          1
 Sandblast                Erth           86%        2d18      1%          1
 Passwall                 Tmut/Erth      35%        N/A       1%          2
 Searing Ray              Conj           100%       2d8       1%          2
 Wereblood                Tmut           43%        N/A       1%          2
 Dazzling Flash           Conj/Hex       100%       N/A       1%          3
 Brom's Barrelling Bould  Conj/Erth      82%        2d9       1%          4
 Fulminant Prism          Conj/Hex       37%        3d17      3%          4
 Jinxbite                 Hex            48%        N/A       6%          2
 Ozocubu's Armour         Ice            24%        N/A       12%         3
 Swiftness                Air            11%        N/A       26%         3
 Vhi's Electric Charge    Tloc/Air       54%        N/A       30%         4
 Alistair's Intoxication  Tmut/Pois      18%        N/A       65%         5
 Borgnjor's Vile Clutch   Necr/Erth      13%        N/A       65%         5
 Ozocubu's Refrigeration  Ice            12%        4d10      100%        7
 Lehudib's Crystal Spear  Conj/Erth      41%        10d10     100%        8


Dungeon Overview and Level Annotations

Branches:
Dungeon (11/15)            Temple (1/1) D:7            Lair (5/5) D:10
  Swamp (0/4) Lair:3        Snake (0/4) Lair:2        Slime (0/5) Lair:5
    Orc (0/2) D:10          Sewer (visited)

Shops:
D:7 !


Innate Abilities, Weirdness & Mutations

You have an increased reservoir of magic. (+10% MP)
You shall have no god before yourself.
Your divine heritage dramatically boosts your attributes as you level up.


Message History

You are poisoned.
The cane toad poisons you!
You hit the cane toad.
You blast the cane toad!
The cane toad is severely wounded.
You feel very sick. The cane toad closely misses you.
You hit the cane toad.
You blast the cane toad!
The cane toad is almost dead.
You feel very sick. The cane toad stings you.
You hit the cane toad.
You blast the cane toad!
You kill the cane toad!
You feel sick.
Aiming: Stone Arrow (safe; 1% risk of failure)
Press: ? - help, Q - select action, (/) - cycle Shift-Dir - straight line, f - komodo dragon
Aim: a komodo dragon (84% to hit)
You feel a surge of power!
The stone arrow misses the komodo dragon.
The stone arrow hits the komodo dragon!!
The komodo dragon is severely wounded.
You feel very sick. The komodo dragon bites you.
You completely miss the komodo dragon.
You feel sick. The komodo dragon closely misses you.
You barely miss the komodo dragon.
You feel sick. The komodo dragon bites you!!
You feel sick.
The komodo dragon attacks as it pursues you!
The komodo dragon completely misses you.
You feel sick.
You feel sick.
You feel sick.
The komodo dragon attacks as it pursues you!
The komodo dragon bites you!!
* * * LOW HITPOINT WARNING * * *
You feel better. The komodo dragon barely misses you.
The komodo dragon closely misses you.
A water moccasin comes into view.
The komodo dragon attacks as it pursues you!
The komodo dragon bites you!!
You die...

** ♣.♣♣ ***, * ♣♣♣♣♣ ♣♣.♣♣♣ *,,,
♣♣♣♣♣♣...♣♣♣♣♣♣♣♣♣...♣♣ *,,,
♣..♣♣....♣♣..♣♣.......♣*******,,,
...............hl..#.....♣,*,,,,,
.#.......###..#.####...#..,,,,*,,
.#^.....#.###..### *##.#*#,,,,,,,
#.#.###.### #..l.#** *## *,**,,,,
#....#### #PP.@#,*** *****,,,,
#..P.# ###.#..#,* *,****,,,
....## #.....S# **,,*,*,, ....#
###..P.#***,,,***,, ...##
*,#.....,,,,,*,,,, ...#
**,......,,,,,,,*, ...#**
*,*......,,,,,,,,, #....#
**,......,,,,,,,,, #....#*
*,,,,,,,,,,,,,,,,


You could see a komodo dragon and a water moccasin (asleep).

Vanquished Creatures
  A dire elephant (Lair:5)
  Fannar (Lair:1)
  2 two-headed ogres
  Urug (D:11)
  Sonja (D:11)
  Amaemon (Lair:1)
  5 skysharks
  A bog body (Lair:3)
  An oklob plant (D:10)
  A manticore (D:11)
  A cyclops (D:9)
  12 elephants
  An orange demon (Lair:1)
  4 black mambas
  2 gargoyles (D:11)
  11 cane toads
  Maggie (D:7)
  7 komodo dragons
  2 rime drakes
  A polar bear (Lair:3)
  3 hornets
  7 dream sheep (Lair:5)
  4 blink frogs
  A shadow (D:11)
  A vampire (D:11)
  34 yaks
  2 basilisks
  Menkaure (D:7)
  Edmund (D:4)
  An acid dragon (D:11)
  8 water moccasins
  An orc warrior (D:11)
  3 black bears
  3 ice beasts
  2 ogres
  A sky beast (D:6)
  9 wolves
  A centaur (D:10)
  14 bullfrogs
  3 kobold brigands
  A gnoll sergeant (D:9)
  A water moccasin zombie (D:5)
  A scorpion (D:7)
  12 wights
  13 killer bees
  3 electric eels (D:11)
  A howler monkey (D:9)
  A crimson imp (D:8)
  A bullfrog zombie (D:5)
  2 centaur zombies (D:5)
  7 jellies
  Crazy Yiuf (D:3)
  4 orc priests
  2 gnoll boudas
  9 hounds
  5 iguanas
  Jessica (D:3)
  3 sleepcaps
  Terence (D:3)
  7 orc wizards
  A howler monkey zombie (D:5)
  12 gnolls
  10 adders
  3 river rats (D:6)
  5 white imps
  3 ufetubi
  An adder zombie (D:5)
  2 worms
  5 dart slugs
  31 orcs
  9 bats
  14 endoplasms
  13 giant cockroaches
  8 hobgoblins
  15 quokkas
  11 ball pythons
  7 frilled lizards
  4 goblins
  22 kobolds
  8 rats
417 creatures vanquished.

Notes
Turn   | Place    | Note
-------+----------+-------------------------------------------
     0 | D:1      | IcyTea the Demigod Conjurer began the quest for the Orb.
     0 | D:1      | Reached XP level 1. HP: 14/14 MP: 5/5
   118 | D:1      | Reached skill level 4 in Conjurations
   266 | D:1      | Reached XP level 2. HP: 20/20 MP: 5/7
   573 | D:1      | Reached XP level 3. HP: 26/26 MP: 5/8
   724 | D:1      | Learned a level 3 spell: Stone Arrow
  1255 | D:2      | Reached skill level 5 in Conjurations
  1707 | D:3      | Reached skill level 1 in Earth Magic
  1834 | D:3      | Noticed Jessica
  1839 | D:3      | Killed Jessica
  1840 | D:3      | Reached XP level 4. HP: 33/33 MP: 4/9
  1900 | D:3      | Noticed Terence
  1910 | D:3      | Killed Terence
  2502 | D:3      | Found a runed translucent door.
  2503 | D:3      | Noticed Crazy Yiuf
  2507 | D:3      | Killed Crazy Yiuf
  2508 | D:3      | Reached XP level 5. HP: 38/38 MP: 6/10
  2680 | D:4      | Noticed a black bear
  2727 | D:4      | Noticed Edmund
  2959 | D:4      | Killed Edmund
  2960 | D:4      | Reached XP level 6. HP: 45/45 MP: 0/11
  3078 | D:4      | Reached skill level 6 in Conjurations
  3607 | D:5      | Entered Level 5 of the Dungeon
  3889 | D:5      | Reached XP level 7. HP: 39/50 MP: 2/16
  4296 | D:5      | Reached skill level 5 in Spellcasting
  4726 | D:5      | Learned a level 4 spell: Iskenderun's Mystic Blast
  5255 | D:6      | Reached XP level 8. HP: 51/57 MP: 4/20
  5354 | D:6      | Reached skill level 7 in Conjurations
  5507 | D:6      | Reached skill level 1 in Translocations
  5576 | D:6      | Identified the +5 lajatang of Vyumys {pain, rN+}
  5588 | D:6      | Found the +5 robe of Misfortune {Harm *Corrode *Slow EV+5}
  5673 | D:6      | Reached skill level 1 in Staves
  5796 | D:6      | Found a glowing drain.
  5856 | Sewer    | Entered a sewer
  6756 | D:7      | Found Vyciuc's Distillery.
  6759 | D:7      | Reached skill level 8 in Conjurations
  6823 | D:7      | Bought a potion of brilliance for 64 gold pieces
  6823 | D:7      | Bought a potion of curing for 48 gold pieces
  6954 | D:7      | Found a staircase to the Ecumenical Temple.
  6960 | Temple   | Entered the Ecumenical Temple
  6969 | D:7      | Noticed Menkaure
  6991 | D:7      | Killed Menkaure
  6992 | D:7      | Reached XP level 9. HP: 37/62 MP: 5/21
  7437 | D:7      | Reached skill level 1 in Evocations
  7848 | D:7      | Noticed Maggie
  7854 | D:7      | Killed Maggie
  7855 | D:7      | Reached skill level 1 in Fighting
  8374 | D:8      | Reached skill level 9 in Conjurations
  8507 | D:8      | Got an upside-down book
  8689 | D:8      | Identified the +5 lajatang of the Usurping Coward {venom,
                  | Contam rElec rPois rCorr}
  9146 | D:9      | Noticed a two-headed ogre
  9381 | D:9      | Noticed a cyclops
  9389 | D:9      | Killed a cyclops
  9390 | D:9      | Reached skill level 10 in Conjurations
  9475 | D:9      | Killed a two-headed ogre
  9476 | D:9      | Reached XP level 10. HP: 51/77 MP: 4/22
  9744 | D:9      | Reached skill level 11 in Conjurations
 10202 | D:9      | Identified the +10 war axe "Nuseruiz" {holy, Str+4 Dex+2}
 10985 | D:10     | Entered Level 10 of the Dungeon
 10998 | D:9      | Reached skill level 5 in Translocations
 11246 | D:10     | Noticed a two-headed ogre
 11249 | D:10     | Killed a two-headed ogre
 11541 | D:10     | Found a staircase to the Lair.
 11548 | D:10     | Noticed an oklob plant
 11563 | D:10     | Killed an oklob plant
 11655 | D:10     | Identified a scroll of acquirement
 11656 | D:10     | Acquired 878 gold pieces
 11696 | D:10     | Reached skill level 5 in Armour
 11867 | D:10     | Found a staircase to the Orcish Mines.
 12101 | D:10     | Identified the +1 ring mail of Hollyxti {rF+ rN+}
 12793 | D:11     | Learned a level 5 spell: Irradiate
 12852 | D:11     | Reached skill level 5 in Evocations
 12852 | D:11     | Reached XP level 11. HP: 51/82 MP: 14/24
 12973 | D:11     | Noticed Sonja
 12977 | D:11     | Killed Sonja
 13571 | D:11     | Noticed Urug
 13578 | D:11     | Noticed a skeletal warrior
 13580 | D:11     | Killed Urug
 13580 | D:11     | Noticed a skeletal warrior
 13582 | D:11     | Noticed a skeletal warrior
 13583 | D:11     | Noticed a skeletal warrior
 13585 | D:11     | Noticed a skeletal warrior
 13907 | Lair:1   | Entered Level 1 of the Lair of Beasts
 13936 | Lair:1   | Reached skill level 5 in Transmutations
 14127 | Lair:1   | Reached skill level 5 in Earth Magic
 14589 | Lair:1   | Noticed a skyshark
 14595 | Lair:1   | Killed a skyshark
 14596 | Lair:1   | Reached skill level 5 in Dodging
 15075 | Lair:1   | Noticed Fannar
 15138 | D:10     | Reached skill level 5 in Stealth
 15412 | Lair:1   | Killed Fannar
 15413 | Lair:1   | Reached XP level 12. HP: 21/93 MP: 20/25
 15653 | Lair:1   | Reached skill level 5 in Fighting
 15959 | Lair:1   | Noticed Amaemon
 16121 | Lair:1   | Killed Amaemon
 17346 | Lair:2   | Found a staircase to the Snake Pit.
 18329 | Lair:3   | Found a staircase to the Swamp.
 18550 | Lair:3   | Reached skill level 12 in Conjurations
 19675 | Lair:4   | Learned a level 2 spell: Ensorcelled Hibernation
 19964 | Lair:4   | Reached skill level 1 in Hexes
 19964 | Lair:4   | Reached skill level 1 in Ice Magic
 20554 | Lair:5   | Entered Level 5 of the Lair of Beasts
 20593 | Lair:5   | Found a staircase to the Slime Pits.
 20748 | Lair:5   | Reached XP level 13. HP: 102/102 MP: 23/27
 20756 | Lair:5   | Reached skill level 13 in Conjurations
 21228 | Lair:5   | Noticed a dire elephant
 21239 | Lair:5   | Killed a dire elephant
 21258 | Lair:5   | Slain by a komodo dragon

Illustrated notes

Levels and vault maps discovered:
D:1:      shiori_arrival_maze, layout_loops_ring,
          shapermc_ecumenical_altar_petra, minmay_vboxes
D:2:      layout_loops_cross
D:3:      layout_basic, uniq_terence, uniq_jessica, uniq_crazy_yiuf_cottage
D:4:      layout_cave_pools, mainiacjoe_overflow_brackets,
          mainiacjoe_overflow_concentric_impassable, st_stairs_13, uniq_edmund
D:5:      layout_cave_pods, nicolae_yredelemnul_corpse_copse, minivault_11,
          nicolae_concentric_dashed_squares_wild, minmay_misc_feat_doors,
          dk_rats_in_the_wall
D:6:      layout_rooms, lightli_temple_of_fire, portal_sewer_entry_c
D:7:      layout_basic, minmay_temple_entry_hall, serial_shops, shop,
          uniq_menkaure, uniq_maggie
D:8:      layout_rooms, serial_glass, glass_columns_c, glass_columns_c,
          glass_columns_c, glass_columns_c, minmay_fire_ice_demons
D:9:      layout_gridville, nicolae_uskayaw_dance_studio, minitemple,
          jiyva_altar_1
D:10:     layout_small_grid, nicolae_qazlal_eye_of_the_storm,
          lemuel_blue_sif_altar, dpeg_oklobed_lair, orc_0_dummy
D:11:     layout_basic, uniq_sonja, uniq_urug
Temple:   nicolae_temple_x_marks_the_god
Lair:1:   layout_regular_city, uniq_amaemon, uniq_fannar
Lair:2:   layout_regular_city, dummy_snake_entry, basic_altar,
          grunt_megastairs_2, lemuel_fruit_fields
Lair:3:   layout_gridlike, skrybe_swamp_entry_bodies, grunt_megastairs_5
Lair:4:   layout_regular_city
Lair:5:   evil_forest, layout_cave_pods, slime_entry_1, lemuel_fruit_fields,
          serial_bayou_shore_a

Skill      XL: |  1  2  3  4  5  6  7  8  9 10 11 12 13 |
---------------+----------------------------------------+-----
Conjurations   | 4 5 6 8 10 11 12 13 | 13.6
Earth Magic    | 2 3 5 |  5.0
Spellcasting   | 2 4 6 7 |  7.0
Translocations | 3 5 |  5.0
Staves         | 3 4 |  4.4
Evocations     | 3 5 |  5.0
Fighting       | 3 4 6 |  6.0
Armour         | 5 |  5.0
Transmutations | 5 |  5.0
Dodging        | 5 |  5.0
Stealth        | 5 |  5.0
Hexes          | 2 |  2.0
Ice Magic      | 2 |  2.0

Action                     |  1- 3 |  4- 6 |  7- 9 | 10-12 | 13-15 || total
---------------------------+-------+-------+-------+-------+-------++-------
  Melee: Short sword       |    21 |       |       |       |       ||    21
         War axe           |    40 |     2 |       |       |       ||    42
         Punch             |     1 |       |     2 |       |       ||     3
         Flail             |       |    18 |    19 |       |       ||    37
         Staff             |       |       |    84 |   108 |    14 ||   206
         Lajatang          |       |       |       |    14 |       ||    14
   Cast: Magic Dart        |    79 |    28 |     9 |     1 |       ||   117
         Stone Arrow       |       |    28 |   166 |   290 |    26 ||   510
         Iskenderun's Myst |       |       |     8 |    50 |     5 ||    63
         Irradiate         |       |       |       |     4 |       ||     4
  Evoke: Wand              |       |       |       |     1 |       ||     1
    Use: Scroll            |     4 |     3 |     5 |    12 |       ||    24
         Potion            |       |       |     1 |     1 |     1 ||     3
   Stab: Sleeping          |     4 |     2 |     1 |     1 |       ||     8
 Armour: Robe              |    44 |    17 |    98 |     7 |       ||   166
         Ring mail         |       |       |       |   233 |    21 ||   254
  Dodge: Dodged            |    50 |    25 |   123 |   164 |    16 ||   378

Table legend: (Time is in decaauts)
 A = Elapsed time spent in this place.
 B = Non-inter-level travel time spent in this place.
 C = Inter-level travel time spent in this place.
 D = Time resting spent in this place.
 E = Time spent auto-exploring this place.
 F = Levels seen in this place.
 G = Mean time per level.
                   A        B        C        D        E       F      G
               +--------+--------+--------+--------+--------+-----+--------+
         Total |  21316 |  21144 |    172 |   8720 |   6414 |  18 | 1184.2 |
       Dungeon |  13938 |  13787 |    151 |   5283 |   4858 |  11 | 1267.1 |
        Temple |      1 |      1 |      0 |      0 |      0 |   1 |    1.0 |
          Lair |   6779 |   6758 |     21 |   3085 |   1556 |   5 | 1355.8 |
         Sewer |    596 |    596 |      0 |    352 |      0 |   1 |  596.0 |
               +--------+--------+--------+--------+--------+-----+--------+

Top non-repeatable levels by time:
  Lair:1: 1987 daAuts
     D:9: 1930 daAuts
    D:10: 1887 daAuts
     D:7: 1607 daAuts
     D:5: 1575 daAuts
    D:11: 1509 daAuts
  Lair:2: 1508 daAuts
  Lair:4: 1468 daAuts
  Lair:3: 1145 daAuts
     D:1: 1108 daAuts
     D:3: 1107 daAuts
     D:6: 916 daAuts
     D:4: 879 daAuts
     D:8: 803 daAuts
  Lair:5: 669 daAuts
